 Dungeon Crawl Stone Soup version 0.24-a0-702-gaeb99fb (webtiles) character file.

Game seed: 5042556584284089650, levelgen mode: deterministic

58 scarywalker64 the Vexing (level 3, -2/28 HPs)
             Began as a Demigod Arcane Marksman on Sept 30, 2019.
             Slain by Natasha (9 damage)
             ... on level 2 of the Dungeon.
             The game lasted 00:04:35 (1798 turns).

scarywalker64 the Vexing (Demigod Arcane Marksman)  Turns: 1798, Time: 00:04:35

Health: -2/28      AC:  2    Str: 15    XL:     3   Next: 52%
Magic:  7/7        EV: 12    Int: 17    God:
Gold:   45         SH:  0    Dex: 16    Spells: 3/4 levels left

rFire    . . .     SeeInvis .   b - +0 hand axe
rCold    . . .     Gourm    .   (no shield)
rNeg     . . .     Faith    .   e - +0 robe
rPois    .         Spirit   .   (no helmet)
rElec    .         Reflect  .   (no cloak)
rCorr    .         Harm     .   (no gloves)
MR       .....                  (no boots)
Stlth    +.........             (no amulet)
HPRegen  0.09/turn              (no ring)
MPRegen  0.10/turn              (no ring)

@: no status effects
A: high mp 1
a: no special abilities


You were on level 2 of the Dungeon.
You were near starving.

You visited 1 branch of the dungeon, and saw 2 of its levels.

You collected 45 gold pieces.

Inventory:

Hand Weapons
 a - a +0 hand crossbow
 b - a +0 hand axe (weapon)
Missiles
 c - 46 stones
 d - 3 bolts
 g - 27 arrows
 j - 21 poisoned darts (quivered)
Armour
 e - a +0 robe (worn)
 o - a +0 cloak
Scrolls
 k - a scroll of fear {unknown}
 m - a scroll of identify {unknown}
 p - 2 scrolls of teleportation {unknown}
Potions
 i - 3 potions of curing {unknown}
 l - a potion of haste {unknown}
 n - 2 potions of brilliance {unknown}
Comestibles
 f - 2 rations


   Skills:
 * Level 1.5 Fighting
 * Level 2.6 Crossbows
 + Level 1.8 Dodging
 * Level 1.2 Spellcasting
 * Level 3.3 Hexes


You had 3 spell levels left.
You knew the following spells:

 Your Spells              Type           Power        Failure   Level  Hunger
a - Corona                Hex            ##.....      5%          1    ##.....

Your spell library contained the following spells:

 Spells                   Type           Power        Failure   Level  Hunger
 Slow                     Hex            ##......     9%          2    ###....
 Inner Flame              Hex/Fire       #.......     32%         3    ####...
 Portal Projectile        Hex/Tloc       #.....       32%         3    ####...
 Cause Fear               Hex            ##........   47%         4    #####..
 Leda's Liquefaction      Hex/Erth       #.........   71%         4    #####..


Dungeon Overview and Level Annotations

Branches:
Dungeon (2/15)

Annotations:
D:2 Natasha


Innate Abilities, Weirdness & Mutations

You have an increased reservoir of magic. (+10% MP)


Message History

The shadow imp shouts, "Get thee hence, thou pribbling ditch-delivered bloater!"
Throwing (i - inventory. (/) - cycle)
j - 22 poisoned darts (quivered)
Press: ? - help, Shift-Dir - straight line, f/p - Natasha
Aim: Natasha (moderately wounded)
You throw a poisoned dart. The poisoned dart hits Natasha.
Natasha is moderately wounded.
Natasha casts a spell at you. The magic dart hits you!
There are monsters nearby!
Unknown command.
You hit Natasha.
Natasha is severely wounded.
Natasha stares at you and mumbles some strange words.
The magic dart hits you.
* * * LOW HITPOINT WARNING * * *
Natasha barely misses you.
You closely miss Natasha.
Natasha is severely wounded.
Natasha claws you!
You die...

#h.......#
#.......(#
#........#
##...#.####
#....#5# #.#.##5#
###########.#.##5#
#.....#...#.#.##h#
#.###.#.#.#.#.##@#
#.# #......<#.##.#
#.# #######.#.##.#
#.# #.#....# #.#
#.# ### #.# #.#
#.# #.# #.# #.#
#.#########.#


You could see Natasha, a crimson imp and 2 shadow imps.

Vanquished Creatures
  A gnoll (D:1)
  4 dart slugs (D:1)
  A leopard gecko (D:1)
  4 bats
  7 goblins (D:1)
  3 hobgoblins
  3 jackals (D:1)
  9 kobolds (D:1)
  A rat (D:1)
33 creatures vanquished.

Notes
Turn   | Place    | Note
-------+----------+-------------------------------------------
     0 | D:1      | scarywalker64 the Demigod Arcane Marksman began the quest
                  | for the Orb.
     0 | D:1      | Reached XP level 1. HP: 15/15 MP: 4/4
    83 | D:1      | Reached skill level 1 in Fighting
    86 | D:1      | Reached skill level 3 in Hexes
   116 | D:1      | Reached XP level 2. HP: 15/23 MP: 6/6
   993 | D:1      | Reached XP level 3. HP: 19/28 MP: 7/7
  1779 | D:2      | Noticed Natasha
  1798 | D:2      | Slain by Natasha

Levels and vault maps discovered:
D:1:      wheals_arrival_shading, layout_basic
D:2:      layout_basic, uniq_natasha, uniq_jessica, uniq_robin

Skill      XL: |  1  2 |
---------------+-------+-----
Fighting       | 1 |  1.5
Hexes          | 3 |  3.3
Crossbows      | 2 |  2.6
Dodging        | |  1.8
Spellcasting   | |  1.2

Action                   || total
-------------------------++-------
Melee: Hand axe          ||    43
 Fire: Hand crossbow     ||    56
Throw: Dart              ||     3
  Eat: Chunk             ||     1
Armor: Robe              ||    13
Dodge: Dodged            ||    49

Table legend:
 A = Non-vault XP
 B = Vault XP
 C = Vault XP percentage of total XP
 D = Non-vault monster count
 E = Vault monster count
 F = Vault count percentage of total count
                 A         B        C        D         E       F
            +---------+---------+-------+---------+---------+-------
      Total |      84 |       0 |   0.0 |      33 |       0 |   0.0
            +---------+---------+-------+---------+---------+-------
        D:1 |      80 |       0 |   0.0 |      31 |       0 |   0.0
        D:2 |       4 |       0 |   0.0 |       2 |       0 |   0.0
            +---------+---------+-------+---------+---------+-------
